 Dungeon Crawl Stone Soup version 0.27.1-4-g1640c2035a (webtiles) character file.

Game seed: 12368777184500372221

37 Crownlay the Stinger (level 3, -1/20 HPs)
             Began as a Deep Elf Venom Mage on Nov 5, 2021.
             Slain by a gnoll (8 damage)
             ... on level 1 of the Dungeon.
             The game lasted 00:01:50 (1215 turns).

Crownlay the Stinger (Deep Elf Venom Mage)          Turns: 1215, Time: 00:01:51

Health: -1/20      AC:  2    Str:  5    XL:     3   Next: 21%
Magic:  10/10      EV: 12    Int: 20    God:
Gold:   53         SH:  0    Dex: 15    Spells: 3/9 levels left

rFire    . . .     SeeInvis .   b - +2 whip (elec)
rCold    . . .     Faith    .   (no shield)
rNeg     . . .     Spirit   .   a - +0 robe
rPois    .         Reflect  .   (no helmet)
rElec    .         Harm     .   (no cloak)
rCorr    .         Rampage  .   (no gloves)
Will     .....                  (no boots)
Stlth    ++........             (no amulet)
HPRegen  0.06/turn              (no ring)
MPRegen  0.12/turn              (no ring)

@: no status effects
A: no striking features
a: no special abilities


You were on level 1 of the Dungeon.
You visited 1 branch of the dungeon, and saw 2 of its levels.

You collected 53 gold pieces.

Inventory:

Hand Weapons
 b - a +2 whip of electrocution (weapon)
Armour
 a - a +0 robe (worn)
Scrolls
 d - a scroll of identify {unknown}
 e - a scroll of immolation
Potions
 c - a potion of haste {unknown}


   Skills:
 * Level 1.5 Fighting
 - Level 2.4 Dodging
 - Level 2.4 Stealth
 + Level 3.6 Spellcasting
 - Level 1.1 Transmutations
 + Level 3.7 Poison Magic


You had 3 spell levels left.
You knew the following spells:

 Your Spells              Type           Power      Damage    Failure   Level
a - Sting                 Tmut/Pois      52%        1d5       4%          1
b - Poisonous Vapours     Pois/Air       22%        N/A       10%         2
c - Mephitic Cloud        Conj/Pois/Air  8%         N/A       24%         3

Your spell library contained the following spells:

 Spells                   Type           Power      Damage    Failure   Level
 Olgreb's Toxic Radiance  Pois           18%        N/A       28%         4


Dungeon Overview and Level Annotations

Branches:
Dungeon (2/15)

Altars:


Message History

Casting: Sting (safe; 5% risk of failure)
Confirm with . or Enter, or press ? or * to list all spells.
Aiming: Sting (safe; 5% risk of failure)
Press: ? - help, Shift-Dir - straight line, f/p - gnoll
Aim: a gnoll, wielding a +0 club (severely wounded, poisoned, 75% to hit)
The sting hits the gnoll.
The gnoll looks even sicker.
The gnoll is almost dead.
The gnoll hits you with a +0 club.
* * * LOW HITPOINT WARNING * * *
You kill the gnoll!
You have reached level 3!
Your experience leads to an increase in your attributes!
Increase (S)trength, (I)ntelligence, or (D)exterity?
You feel clever.
Magic restored.
HP restored.
Done exploring.
You see here a +0 club.
There is a stone staircase leading down here.
There is a stone staircase leading down here.
This spell is extremely dangerous to cast!
Memorise Mephitic Cloud, consuming 3 spell levels and leaving 3?
You start memorising the spell.
You continue memorising. x3
You finish memorising.
Spell assigned to 'c'.
You climb downwards.
The gnoll misses you. The gnoll barely misses you.
There is a stone staircase leading up here.
The sting hits the gnoll.
The gnoll is poisoned.
The gnoll is moderately wounded.
The gnoll closely misses you. The gnoll misses you.
The gnoll hits you with a +0 flail!
Ouch! That really hurt!
The gnoll hits you from afar with a +0 spear.
* * * LOW HITPOINT WARNING * * *
The gnoll hits you but does no damage.
You climb upwards.
There is a stone staircase leading down here.
You see here a +0 dagger.
The gnoll looks more healthy.
The gnoll hits you with a +0 flail!
You die...

..........#.......# #..........
#.........##..#...# ###......)...
.......##.##.)#...# #............
.##...........#...###............
..#..........>..........#........
..#...........).#.......#........
.......###.......###....#........
..#....###.....gg.......#........
..............##@.###............
.#.........####.............##.)[
.#................######....##...
............#..........#.........
............#..........#.........
............#..#########.#'#.....
..###...###.#............#.#.....
..# ##### #.#.############.#.....
..# #................#.....


You could see 2 gnolls.

Vanquished Creatures
  A gnoll (D:1)
  A dart slug (D:1)
  A ball python (D:1)
  3 bats (D:1)
  2 endoplasms
  2 goblins (D:1)
  3 hobgoblins (D:1)
  4 kobolds (D:1)
  2 quokkas (D:1)
  2 frilled lizards (D:1)
  2 rats (D:1)
23 creatures vanquished.

Notes
Turn   | Place    | Note
-------+----------+-------------------------------------------
     0 | D:1      | Crownlay the Deep Elf Venom Mage began the quest for the
                  | Orb.
     0 | D:1      | Reached XP level 1. HP: 10/10 MP: 6/6
   171 | D:1      | Reached XP level 2. HP: 16/16 MP: 5/8
   285 | D:1      | Reached skill level 1 in Fighting
   531 | D:1      | Found a faded altar of an unknown god.
   873 | D:1      | Learned a level 2 spell: Poisonous Vapours
   915 | D:1      | Reached XP level 3. HP: 3/20 MP: 3/10
  1207 | D:1      | Learned a level 3 spell: Mephitic Cloud
  1215 | D:1      | Slain by a gnoll

Illustrated notes

Levels and vault maps discovered:
D:1:      amcnicky_arrival_blooded_trapdoor, layout_basic,
          hellmonk_ecumenical_altar_blasted, st_stairs_9,
          minmay_misc_feat_square
D:2:      layout_loops_ring

Skill      XL: |  1  2 |
---------------+-------+-----
Fighting       | 1 |  1.5
Dodging        | |  2.4
Stealth        | |  2.4
Spellcasting   | |  3.6
Transmutations | |  1.1
Poison Magic   | |  3.7

Action                   || total
-------------------------++-------
Melee: Whip              ||     9
 Cast: Sting             ||    39
Armor: Robe              ||     3
Dodge: Dodged            ||    20
